 Dungeon Crawl Stone Soup version 0.23.1 (webtiles) character file.

Game seed: 18077561650199026820

11869 nikopol the Cleaver (level 11, 0/95 HPs)
             Began as a Minotaur Berserker on Mar 5, 2019.
             Was a High Priest of Trog.
             Succumbed to a spiny frog's poison
             ... on level 2 of the Lair of Beasts.
             The game lasted 00:19:07 (11782 turns).

nikopol the Cleaver (Minotaur Berserker)           Turns: 11782, Time: 00:19:08

Health: 0/95       AC: 11    Str: 24 (26) XL:     11   Next: 55%
Magic:  10/10      EV: 12    Int:  5 (6)  God:    Trog [*****.]
Gold:   735        SH:  0    Dex: 11 (13) Spells: 10/10 levels left

rFire    . . .     SeeInvis .   a - +0 war axe
rCold    . . .     Gourm    .   (no shield)
rNeg     . . .     Faith    .   g - +0 scale mail
rPois    .         Spirit   .   (helmet restricted)
rElec    .         Reflect  .   G - scarf {cloud immunity}
rCorr    .         Harm     .   t - +0 pair of gloves
MR       .....                  L - +0 pair of boots
Stlth    ..........             (no amulet)
HPRegen  0.25/turn              f - +2 ring of intelligence
MPRegen  0.12/turn              H - +4 ring of dexterity

@: confused, lethally poisoned (0 -> -9)
A: retaliatory headbutt, horns 2
a: Berserk, Trog's Hand, Brothers in Arms, Renounce Religion


You were on level 2 of the Lair of Beasts.
You worshipped Trog.
Trog was extremely pleased with you.
You were very hungry.

You visited 2 branches of the dungeon, and saw 12 of its levels.

You collected 735 gold pieces.

Inventory:

Hand Weapons
 a - a +0 war axe (weapon)
 o - a +0 hand axe
 z - a +0 shortbow
 F - a +0 flail of draining
Missiles
 u - 137 arrows
Armour
 g - a +0 scale mail (worn)
 t - a +0 pair of gloves (worn)
 G - a scarf of cloud immunity (worn)
 L - a +0 pair of boots (worn)
Jewellery
 f - a +2 ring of intelligence (left hand)
 H - a +4 ring of dexterity (right hand)
 J - a +3 ring of slaying
Wands
 h - a wand of scattershot (6)
 k - a wand of iceblast (10)
 y - a wand of paralysis (31)
 C - a wand of disintegration (15)
 D - a wand of digging (4)
Scrolls
 e - 10 scrolls of teleportation {unknown}
 i - 3 scrolls of magic mapping {unknown}
 l - 2 scrolls of immolation {unknown}
 p - 5 scrolls of remove curse {unknown}
 q - a scroll of fear {unknown}
 s - a scroll of enchant armour {unknown}
 x - 2 scrolls of random uselessness {unknown}
 A - a scroll of fog {unknown}
 B - 4 scrolls of identify
 I - a scroll of torment {unknown}
 K - a scroll of amnesia {unknown}
Potions
 d - 4 potions of flight
 j - a potion of brilliance
 m - a potion of ambrosia
 n - a potion of mutation
 w - 2 potions of berserk rage
 E - a potion of invisibility {unknown}
Comestibles
 c - 20 rations


   Skills:
 + Level 8.9 Fighting
 * Level 12.9 Axes
 * Level 11.6 Bows
 + Level 8.8 Armour
 + Level 4.6 Dodging
 + Level 1.4 Stealth


You had 10 spell levels left.
You didn't know any spells.
Your spell library was empty.

Dungeon Overview and Level Annotations

Branches:
Dungeon (10/15)            Temple (0/1) D:5            Lair (2/6) D:10
 Spider (0/4) Lair:2
  Swamp: Lair:2-4    Shoals: Lair:2-4       Orc: D:9-12

Altars:
Ashenzari
Nemelex Xobeh

Shops:
D:5 (


Innate Abilities, Weirdness & Mutations

You reflexively headbutt those who attack you in melee.
You have a pair of horns on your head.


Message History

You bump into the rock wall.
You feel sick. The tarantella bites you.
* * * LOW HITPOINT WARNING * * *
The tarantella bites you!
* * * LOW HITPOINT WARNING * * *
* * * LOW HITPOINT WARNING * * *
You feel sick. The tarantella bites you.
* * * LOW HITPOINT WARNING * * *
Found a glowing scarf.
Things that are here:
an arrow; a spiny frog corpse You miss the tarantella.
Your headbutt misses the tarantella.
The tarantella is severely wounded.
* * * LOW HITPOINT WARNING * * *
You feel sick.
The tarantella bites you but does no damage.
The tarantella closely misses you.
It was a potion of degeneration.
There was something very wrong with that liquid.
You feel weakened.
You feel dopey.
You feel clumsy.
You die...

###P..## #..##
###..# . #P#.##
..# #....#
.[..#### #...##
......#.##..##
.......#(....#
......(@s..##..#
........(.#.#.##
..........#^.#.
.......#.#^^...^
......##(.^.^#...
......
##..#.#.##.
...... .^>....
...... ### .#


You could see a tarantella.

Vanquished Creatures
  2 two-headed ogres
  An unseen horror (D:10)
  Pikel (D:7)
  2 centaur zombies (D:10)
  5 spiny frogs
  7 komodo dragons (Lair:1)
  Prince Ribbit (D:7)
  4 hippogriffs
  A spriggan (D:7)
  A basilisk (Lair:1)
  3 water moccasins
  3 porcupines
  2 orc warriors
  A sky beast (D:10)
  An ice beast (D:10)
  4 wolves (Lair:1)
  An eye of draining (D:10)
  A slave (D:7)
  A necrophage (D:8)
  2 phantoms
  4 ogres
  3 centaurs
  2 crocodiles (Lair:1)
  6 bullfrogs
  A gnoll sergeant (D:7)
  A scorpion (D:4)
  10 killer bees (D:10)
  3 howler monkeys
  2 crimson imps
  2 bullfrog zombies
  3 quasits
  3 hounds
  2 gnoll shamans
  A jelly (D:6)
  3 orc priests
  A bullfrog skeleton (D:10)
  3 centaur skeletons
  3 iguanas
  Jessica (D:3)
  11 orc wizards
  4 worker ants
  2 hound zombies (D:7)
  A hound skeleton (D:7)
  A worker ant zombie (D:10)
  19 gnolls
  10 adders
  A shadow imp (D:5)
  An ooze (D:2)
  An adder skeleton (D:4)
  A worm (D:2)
  A dart slug (D:1)
  6 leopard geckos
  30 orcs
  12 bats
  6 giant cockroaches
  4 goblins
  5 hobgoblins
  4 jackals
  7 kobolds
  A ball python skeleton (D:5)
  6 frilled lizards
  A leopard gecko skeleton (D:8)
  11 rats
244 creatures vanquished.

Vanquished Creatures (others)
  A slave (D:7)
  A big kobold (D:7)
  A bullfrog (D:7)
  A hound (D:7)
  7 kobolds (D:7)
  A plant (Lair:1)
12 creatures vanquished.

Grand Total: 256 creatures vanquished

Notes
Turn   | Place    | Note
-------+----------+-------------------------------------------
     0 | D:1      | nikopol the Minotaur Berserker began the quest for the Orb.
     0 | D:1      | Reached XP level 1. HP: 19/19 MP: 0/0
   114 | D:1      | Reached skill level 4 in Axes
   114 | D:1      | Reached XP level 2. HP: 24/27 MP: 1/1
   404 | D:1      | Found a sparkling altar of Nemelex Xobeh.
   599 | D:2      | Reached ** piety under Trog
   599 | D:2      | Reached XP level 3. HP: 25/33 MP: 2/2
   949 | D:2      | Reached skill level 5 in Axes
  1129 | D:3      | Reached XP level 4. HP: 38/41 MP: 3/3
  1200 | D:3      | Noticed Jessica
  1215 | D:3      | Killed Jessica
  1551 | D:3      | Reached XP level 5. HP: 36/47 MP: 4/4
  1767 | D:3      | Reached skill level 6 in Axes
  1999 | D:4      | Reached *** piety under Trog
  2006 | D:4      | Reached skill level 5 in Fighting
  2210 | D:4      | Noticed an ogre
  2216 | D:4      | Killed an ogre
  2216 | D:4      | Reached XP level 6. HP: 56/56 MP: 5/5
  2528 | D:5      | Entered Level 5 of the Dungeon
  2533 | D:5      | Reached skill level 7 in Axes
  2551 | D:5      | Found Delil's Antique Weapon Shoppe.
  2723 | D:5      | Found a staircase to the Ecumenical Temple.
  2752 | D:5      | Reached XP level 7. HP: 59/61 MP: 6/6
  2766 | D:5      | Found a shattered altar of Ashenzari.
  2916 | D:5      | Reached skill level 8 in Axes
  3774 | D:6      | Reached skill level 5 in Armour
  3825 | D:6      | Reached skill level 1 in Stealth
  3825 | D:6      | Reached XP level 8. HP: 41/70 MP: 7/7
  3877 | D:6      | Reached skill level 1 in Bows
  4400 | D:6      | Reached **** piety under Trog
  4400 | D:6      | Reached skill level 9 in Axes
  4500 | D:6      | Noticed a hippogriff
  4509 | D:6      | Killed a hippogriff
  5119 | D:7      | Noticed Pikel
  5144 | D:7      | Killed Pikel
  5144 | D:7      | Reached skill level 10 in Axes
  5144 | D:7      | Reached XP level 9. HP: 74/78 MP: 8/8
  5162 | D:7      | Reached skill level 5 in Bows
  5379 | D:7      | Noticed Prince Ribbit
  5385 | D:7      | Killed Prince Ribbit
  5742 | D:7      | Reached skill level 11 in Axes
  6403 | D:8      | Reached ***** piety under Trog
  6510 | D:8      | Noticed a two-headed ogre
  6521 | D:8      | Killed a two-headed ogre
  6521 | D:8      | Reached XP level 10. HP: 73/86 MP: 9/9
  7421 | D:9      | Noticed a two-headed ogre
  7428 | D:9      | Killed a two-headed ogre
  8284 | D:10     | Entered Level 10 of the Dungeon
  8603 | D:10     | Killed an unseen horror
  8603 | D:10     | Reached skill level 12 in Axes
  8992 | D:10     | Received a gift from Trog
  9170 | D:10     | Found a staircase to the Lair.
  9408 | D:10     | Reached skill level 10 in Bows
  9798 | Lair:1   | Entered Level 1 of the Lair of Beasts
  9798 | Lair:1   | Noticed a spiny frog
  9806 | Lair:1   | Killed a spiny frog
  9806 | Lair:1   | Reached XP level 11. HP: 82/95 MP: 10/10
 10264 | Lair:1   | Received a gift from Trog
 11755 | Lair:2   | Found a hole to the Spider Nest.
 11780 | Lair:2   | HP: 2/95 [tarantella (6)]
 11782 | Lair:2   | Succumbed to a spiny frog's poison

Skill      XL: |  1  2  3  4  5  6  7  8  9 10 11 |
---------------+----------------------------------+-----
Axes           | 4 5 6 7 8 10 11 12 | 12.9
Fighting       | 4 5 6 7 8 |  8.9
Armour         | 3 4 5 6 7 8 |  8.8
Dodging        | 3 4 |  4.6
Stealth        | 1 |  1.4
Bows           | 4 7 10 11 | 11.6

Action                   |  1- 3 |  4- 6 |  7- 9 | 10-12 || total
-------------------------+-------+-------+-------+-------++-------
Melee: Hand axe          |    82 |    26 |       |       ||   108
       Headbutt          |    12 |    18 |    29 |    49 ||   108
       War axe           |       |    90 |   150 |   201 ||   441
       Shortbow          |       |       |       |     1 ||     1
 Fire: Shortbow          |       |       |    87 |   221 ||   308
Invok: Berserk           |       |     1 |     3 |     2 ||     6
  Use: Scroll            |       |       |     7 |       ||     7
       Potion            |       |       |       |     3 ||     3
 Stab: Sleeping          |     1 |       |       |       ||     1
  Eat: Chunk             |       |     7 |    11 |    13 ||    31
       Ration            |       |       |     1 |     1 ||     2
Armor: Animal skin       |     3 |       |       |       ||     3
       Scale mail        |    20 |    49 |    49 |    85 ||   203
Dodge: Dodged            |    40 |    74 |   111 |   120 ||   345
